 Dungeon Crawl Stone Soup version 0.25-a0-424-g80bd347ae0 (webtiles) character file.

Game seed: 10275155165777675525, levelgen mode: deterministic

253 Multipenetrator the Covered (level 5, -4/47 HPs)
             Began as a Minotaur Fighter on Jan 23, 2020.
             Was an Initiate of Qazlal.
             Slain by Sigmund
             ... wielding a +1 scythe of flaming
              (6 damage)
             ... on level 4 of the Dungeon.
             The game lasted 00:10:49 (2231 turns).

Multipenetrator the Covered (Minotaur Fighter)      Turns: 2231, Time: 00:10:49

Health: -4/47      AC:  7    Str: 21    XL:     5   Next: 90%
Magic:  4/4        EV:  8    Int:  5    God:    Qazlal [......]
Gold:   140        SH:  0    Dex: 10    Spells: 4/4 levels left

rFire    . . .     SeeInvis .   m - +0 dagger (elec)
rCold    . . .     Gourm    .   c - +0 shield
rNeg     . . .     Faith    .   b - +0 scale mail
rPois    +         Spirit   .   (helmet restricted)
rElec    .         Reflect  .   (no cloak)
rCorr    .         Harm     .   (no gloves)
MR       .....                  (no boots)
Stlth    ..........             s - amulet of the acrobat
HPRegen  0.15/turn              i - ring of poison resistance
MPRegen  0.09/turn              (no ring)

@: confused
A: retaliatory headbutt, horns 2
a: Renounce Religion


You were on level 4 of the Dungeon.
You worshipped Qazlal.
Qazlal was noncommittal.
You were hungry.

You visited 1 branch of the dungeon, and saw 4 of its levels.

You collected 140 gold pieces.

Inventory:

Hand Weapons
 a - a +0 flail
 m - a +0 dagger of electrocution (weapon)
 r - a +3 war axe
 t - a +0 dagger of venom
Missiles
 u - 2 boomerangs (quivered)
Armour
 b - a +0 scale mail (worn)
 c - a +0 shield (worn)
 q - a +0 pair of gloves
Jewellery
 i - a ring of poison resistance (left hand)
 s - an amulet of the acrobat (around neck)
 x - an uncursed ring of magical power
Wands
 n - a wand of flame (18)
Scrolls
 e - 5 scrolls of identify {unknown}
 j - 2 scrolls of remove curse {unknown}
 l - 3 scrolls of teleportation {unknown}
 o - a scroll of blinking {unknown}
 v - a scroll of magic mapping {unknown}
 y - a scroll of amnesia {unknown}
Potions
 d - 2 potions of might
 g - 2 potions of lignification {unknown}
 h - 2 potions of flight {unknown}
 p - a potion of invisibility {unknown}
 w - a potion of degeneration {unknown}
Comestibles
 f - 9 rations
 z - 6 chunks of flesh


   Skills:
 + Level 4.8 Fighting
 + Level 0.3 Short Blades
 + Level 2.6(3.4) Axes
 + Level 3.3(3.7) Maces & Flails
 + Level 0.3 Throwing
 + Level 4.9 Armour
 + Level 1.6 Dodging
 + Level 4.7 Shields


You had 4 spell levels left.
You didn't know any spells.
Your spell library contained the following spells:

 Spells                   Type           Power        Failure   Level  Hunger
 Animate Skeleton         Necr           N/A          99%         1    ##.....
 Apportation              Tloc           #.....       99%         1    ##.....
 Corona                   Hex            #......      99%         1    ##.....
 Summon Small Mammal      Summ           #...         99%         1    ##.....


Dungeon Overview and Level Annotations

Branches:
Dungeon (4/15)
 Temple: D:4-7

Altars:
Hepliaklqana
Nemelex Xobeh
Okawaru
Qazlal
Ru
Uskayaw
Yredelemnul

Annotations:
D:4 Sigmund


Innate Abilities, Weirdness & Mutations

You reflexively headbutt those who attack you in melee.
You have a pair of horns on your head.


Message History

* * * LOW HITPOINT WARNING * * *
Sigmund burns you.
* * * LOW HITPOINT WARNING * * *
Unknown command.
You feel better.
You barely miss Sigmund.
Sigmund is severely wounded.
You block Sigmund's attack.
You hit Sigmund.
Sigmund is severely wounded.
Sigmund gestures wildly while chanting.
Sigmund flickers and vanishes!
Something barely misses you.
You hear some strange, mumbled words.
Something tries to affect you, but you resist.
You are confused.
You bump into the rock wall.
Something hits you!
* * * LOW HITPOINT WARNING * * *
Something burns you.
You die...

#.# ###########..#
#.# ##.## #.####
#..#
#....############.##
####
#.........(.......#
...#
##....###.###.##.###
.#.#####....## #.#
#.##.# ............#
#.# #....#
.#.#####...##
#H######.# .#.#
##.## #........#
.#.# #.# ########.#
...# #.# #.# .###
#+# #.# .# #.# .#
#.# ##### #.# ....#
.#


There were no monsters in sight!

Vanquished Creatures
  A scorpion (D:4)
  An orc wizard (D:3)
  Robin (D:2)
  6 adders
  A dart slug (D:2)
  2 leopard geckos
  15 orcs
  8 bats
  7 giant cockroaches
  14 goblins
  6 hobgoblins
  3 jackals (D:1)
  8 kobolds
  10 frilled lizards
  3 rats (D:2)
86 creatures vanquished.

Notes
Turn   | Place    | Note
-------+----------+-------------------------------------------
     0 | D:1      | Multipenetrator the Minotaur Fighter began the quest for
                  | the Orb.
     0 | D:1      | Reached XP level 1. HP: 19/19 MP: 0/0
   137 | D:1      | Reached XP level 2. HP: 23/27 MP: 1/1
   503 | D:2      | Reached XP level 3. HP: 32/33 MP: 2/2
   545 | D:2      | Noticed Robin
   566 | D:2      | Killed Robin
  1048 | D:2      | Found a hazy altar of Hepliaklqana.
  1100 | D:3      | Reached XP level 4. HP: 40/40 MP: 3/3
  1119 | D:3      | Reached skill level 1 in Dodging
  1348 | D:3      | Found a stormy altar of Qazlal.
  1349 | D:3      | Found a sacrificial altar of Ru.
  1360 | D:3      | Became a worshipper of Qazlal Stormbringer
  1384 | D:3      | Found a sparkling altar of Nemelex Xobeh.
  1515 | D:3      | Reached skill level 1 in Axes
  1515 | D:3      | Reached XP level 5. HP: 34/47 MP: 4/4
  1746 | D:3      | Found a basalt altar of Yredelemnul.
  2019 | D:4      | Found a hide-covered altar of Uskayaw.
  2020 | D:4      | Noticed a +0 dagger
  2020 | D:4      | Noticed a +0 dagger
  2147 | D:4      | Noticed Sigmund
  2150 | D:4      | Found an iron altar of Okawaru.
  2221 | D:4      | HP: 2/47 [Sigmund/+1 scythe of flaming (2)]
  2231 | D:4      | HP: 2/47 [something (11)]
  2231 | D:4      | Slain by Sigmund

Levels and vault maps discovered:
D:1:      lemuel_arrival_behind_the_door_small, layout_rooms
D:2:      cheibrodos_old_hovel, layout_rooms, overflow_temple_1_default,
          uniq_robin
D:3:      layout_loops_cross, lemuel_crystal_altar, minitemple,
          overflow_temple_1_default
D:4:      layout_loops_corners, kennysheep_okawaru_gauntlet,
          dancing_weapons_uskayaw, uniq_sigmund

Skill      XL: |  1  2  3  4  5 |
---------------+----------------+-----
Fighting       | 4 |  4.8
Armour         | 4 |  4.9
Shields        | 4 |  4.7
Maces & Flails | 3 |  3.3
Dodging        | 1 |  1.6
Axes           | 1 2 |  2.6
Short Blades   | |  0.3
Throwing       | |  0.3

Action                   |  1- 3 |  4- 6 || total
-------------------------+-------+-------++-------
Melee: Flail             |    55 |       ||    55
       Headbutt          |    13 |    21 ||    34
       Dagger            |    62 |    24 ||    86
       War axe           |       |    93 ||    93
Throw: Boomerang         |       |     5 ||     5
  Use: Potion            |       |     3 ||     3
  Eat: Chunk             |     1 |     3 ||     4
Armor: Scale mail        |    71 |    40 ||   111
Dodge: Dodged            |    46 |    50 ||    96
Block: Shield            |    70 |    59 ||   129

Table legend:
 A = Non-vault XP
 B = Vault XP
 C = Vault XP percentage of total XP
 D = Non-vault monster count
 E = Vault monster count
 F = Vault count percentage of total count
                 A         B        C        D         E       F
            +---------+---------+-------+---------+---------+-------
      Total |     328 |      34 |   9.4 |      74 |      12 |  14.0
            +---------+---------+-------+---------+---------+-------
        D:1 |      22 |       0 |   0.0 |      11 |       0 |   0.0
        D:2 |      39 |      34 |  46.6 |      18 |      12 |  40.0
        D:3 |     157 |       0 |   0.0 |      32 |       0 |   0.0
        D:4 |     110 |       0 |   0.0 |      13 |       0 |   0.0
            +---------+---------+-------+---------+---------+-------
